 Dungeon Crawl Stone Soup version 0.27-a0-1140-g099f9bb0e8 (webtiles) character file.

Game seed: 2507638651068352930

2 reriks the Firebug (level 1, -2/11 HPs)
             Began as an Octopode Fire Elementalist on May 8, 2021.
             Slain by a goblin
             ... wielding a +0 dagger
             ... led by Robin
              (3 damage)
             ... on level 2 of the Dungeon.
             The game lasted 00:00:23 (122 turns).

reriks the Firebug (Octopode Fire Elementalist)      Turns: 122, Time: 00:00:24

Health: -2/11      AC:  8    Str:  7    XL:     1   Next: 40%
Magic:  2/3        EV: 13    Int: 17    God:
Gold:   0          SH:  0    Dex: 12    Spells: 3/4 levels left

rFire    . . .     SeeInvis .   b - +2 dagger (protect)
rCold    . . .     Faith    .   (no shield)
rNeg     . . .     Spirit   .   (helmet restricted)
rPois    .         Reflect  .   (no amulet)
rElec    .         Harm     .   (no ring)
rCorr    .         Rampage  .   (no ring)
Will     .....                  (no ring)
Stlth    +++.......             (no ring)
HPRegen  0.03/turn              (no ring)
MPRegen  0.08/turn              (no ring)
                                (no ring)
                                (no ring)

@: under a protective aura
A: almost no armour, amphibious, 8 rings, camouflage 1, gelatinous body 1,
(nimble swimmer 1), tentacles
a: no special abilities


You were on level 2 of the Dungeon.
You visited 1 branch of the dungeon, and saw 2 of its levels.

Inventory:

Hand Weapons
 b - a +2 dagger of protection (weapon)
Potions
 a - a potion of might {unknown}


   Skills:
 + Level 2.0 Dodging
 - Level 2.6 Stealth
 + Level 2.0 Spellcasting
 + Level 1.1 Conjurations
 + Level 3.0 Fire Magic


You had 3 spell levels left.
You knew the following spells:

 Your Spells              Type           Power      Damage    Failure   Level
a - Foxfire               Conj/Fire      32%        2x1d5     9%          1

Your spell library contained the following spells:

 Spells                   Type           Power      Damage    Failure   Level
 Conjure Flame            Conj/Fire      8%         6-21      24%         3
 Inner Flame              Hex/Fire       6%         N/A       30%         3
 Sticky Flame             Conj/Fire      8%         2d3       63%         4
 Fireball                 Conj/Fire      4%         3d4       92%         5


Dungeon Overview and Level Annotations

Branches:
Dungeon (1/15)

Altars:

Annotations:
D:2 Jessica, Robin


Innate Abilities, Weirdness & Mutations

You cannot wear most types of armour.
You are amphibious.
You can wear up to eight rings at the same time.
Your skin changes colour to match your surroundings (Stealth+).
Your rubbery body absorbs attacks. (AC +1, EV +1)
((You are camouflaged near water. (Stealth+)))
You have tentacles for arms and can constrict up to eight enemies at once.


Message History

Confirm with . or Enter, or press ? or * to list all spells.
You conjure some foxfire!
The goblin shouts!
The hobgoblin shouts!
You hear a shout! x6
The foxfire hits the ball python.
You kill the ball python!
Robin of the Strong Arm comes into view.
They are wielding a +0 club.
A goblin comes into view. It is wielding a +0 club.
A goblin comes into view. It is wielding a +0 dagger.
The foxfire hits the hobgoblin.
You kill the hobgoblin!
Robin throws the goblin at you!
A hobgoblin comes into view.
Jessica the Apprentice Sorceress comes into view.
She is wielding a +1 dagger of venom.
Your magical contamination has completely faded away.
Robin throws the goblin at you!
A goblin and a hobgoblin come into view.
The goblin barely misses you.
A goblin comes into view. It is wielding a +0 club.
A goblin comes into view. It is wielding a +0 dagger.
The goblin misses you. Robin throws the goblin at you!
The goblin shouts!
The hobgoblin shouts!
The goblin shouts! x2
You hit the goblin.
Your weapon exudes an aura of protection.
Your grab misses the goblin. Your squeeze misses the goblin.
The goblin is severely wounded.
You hear a shout!
The goblin hits you but does no damage. The goblin misses you.
The goblin barely misses you. x2
Robin roars a battlecry!
The goblins go into a battle-frenzy!
You hit the goblin.
You kill the goblin!
The goblin hits you but does no damage. The goblin hits you with a +0 dagger.
Ouch! That really hurt!
* * * LOW HITPOINT WARNING * * *
The goblin hits you but does no damage.
Robin flexes a bicep menacingly.
The goblin hits you with a +0 dagger.
You die...

.....#######
............#
.......g....#
...†g.......#
..gg.......####
...............
#..gg)..#
#..g@...#
#..gg...#
##.###### #.#
#.# #.# #.# #.#
#.#


You could see Robin, a hobgoblin (strong) and 7 goblins.

Vanquished Creatures
  A goblin (D:2)
  A hobgoblin (D:2)
  A ball python (D:2)
  A rat (D:1)
4 creatures vanquished.

Vanquished Creatures (others)
  A foxfire (D:2)
1 creature vanquished.

Grand Total: 5 creatures vanquished

Notes
Turn   | Place    | Note
-------+----------+-------------------------------------------
     0 | D:1      | reriks the Octopode Fire Elementalist began the quest for
                  | the Orb.
     0 | D:1      | Reached XP level 1. HP: 11/11 MP: 3/3
   110 | D:1      | You fall into a shaft and drop 1 floor!
   112 | D:2      | Noticed Robin
   115 | D:2      | Noticed Jessica
   122 | D:2      | Slain by a goblin

Illustrated notes

Levels and vault maps discovered:
D:1:      sevenhm_arrival_forest_fort_small_5, layout_basic
D:2:      layout_basic, minmay_box_of_dots, uniq_jessica, uniq_robin

Action                   || total
-------------------------++-------
Melee: Dagger            ||     3
 Cast: Foxfire           ||     1
Armor: Skin              ||     4
Dodge: Dodged            ||     5

Table legend: (Time is in decaauts)
 A = Elapsed time spent in this place.
 B = Non-inter-level travel time spent in this place.
 C = Inter-level travel time spent in this place.
 D = Time resting spent in this place.
 E = Time spent auto-exploring this place.
 F = Levels seen in this place.
 G = Mean time per level.
                   A        B        C        D        E       F      G
               +--------+--------+--------+--------+--------+-----+--------+
         Total |    121 |    121 |      0 |     39 |     58 |   2 |   60.5 |
       Dungeon |    121 |    121 |      0 |     39 |     58 |   2 |   60.5 |
               +--------+--------+--------+--------+--------+-----+--------+

Top non-repeatable levels by time:
     D:1: 109 daAuts
     D:2: 11 daAuts
